 Dungeon Crawl Stone Soup version 0.26.0-16-gc1dbca0489 (webtiles) character file.

Game seed: 6554832812840699658

120320 sipior the Destroyer (level 16, -3/101 HPs)
             Began as a Tengu Air Elementalist on Jan 20, 2021.
             Was the Champion of Kikubaaqudgha.
             Slain by a spriggan rider
             ... wielding a +0 spear
              (8 damage)
             ... on level 1 of the Swamp.
             The game lasted 03:52:19 (46660 turns).

sipior the Destroyer (Tengu Air Elementalist)      Turns: 46660, Time: 03:52:20

Health: -3/101     AC: 18    Str: 13    XL:     16   Next: 82%
Magic:  17/30      EV: 13    Int: 19    God:    Kikubaaqudgha [******]
Gold:   911        SH: 11    Dex: 10    Spells: 4/34 levels left

rFire    + . .     SeeInvis .   a - +4 rapier (pain)
rCold    . . .     Faith    .   h - +0 kite shield of Sif Muna's Approval {rF+ rN+}
rNeg     + . .     Spirit   .   E - +7 swamp dragon scales
rPois    +         Reflect  .   (helmet restricted)
rElec    .         Harm     .   i - +2 cloak
rCorr    .         Rampage  .   N - +0 pair of gloves "Qeequpac" {+Blink rPois Dex-4}
Will     +++..                  (boots unavailable)
Stlth    +.........             K - amulet of regeneration
HPRegen  0.66/turn              j - ring of willpower
MPRegen  0.22/turn              P - ring of willpower

@: mighty, flying quickly and evasively, hasted, very quick
A: beak, talons 3, able to fly
a: Stop Flying, Renounce Religion, Evoke Blink, Receive Corpses, Torment


You were on level 1 of the Swamp.
You worshipped Kikubaaqudgha.
Kikubaaqudgha was exalted by your worship.
You visited 5 branches of the dungeon, and saw 25 of its levels.
You also visited: Gauntlet and Volcano.

You collected 3431 gold pieces.
You spent 2520 gold pieces at shops.

Inventory:

Hand Weapons
 a - a +4 rapier of pain (weapon)
 b - a +1 short sword of electrocution
 v - a +0 vorpal rapier
 w - a +2 short sword of venom
 x - the +8 flail of the Thirsty Wishes {venom, rElec Dex+4}
   (You found it on level 6 of the Lair of Beasts)

   It poisons the flesh of those it strikes.
   It affects your dexterity (+4).
   It insulates you from electricity.
Missiles
 l - a throwing net
 t - 11 atropa-tipped darts
 Q - 9 curare-tipped darts (quivered)
Armour
 h - the +0 kite shield of Sif Muna's Approval (worn) {rF+ rN+}
   (You acquired it on level 15 of the Dungeon)

   It protects you from fire.
   It protects you from negative energy.
 i - a +2 cloak (worn)
 E - +7 swamp dragon scales (worn)
 N - the +0 pair of gloves "Qeequpac" (worn) {+Blink rPois Dex-4}
   (You found it in a Gauntlet)

   It affects your dexterity (-4).
   It protects you from poison.
   It lets you blink.
 Z - a scarf of resistance
Jewellery
 j - a ring of willpower (left hand)
 G - an uncursed ring of protection from cold
 K - an amulet of regeneration (around neck)
 L - an uncursed ring of wizardry
 P - a ring of willpower (right hand)
 R - an uncursed ring of protection from fire
Wands
 e - a wand of flame (23)
 z - a wand of paralysis (19)
 C - a wand of enslavement (35)
 I - a wand of digging (6)
 U - a wand of iceblast (16)
Scrolls
 d - a scroll of torment
 g - 3 scrolls of immolation
 m - a scroll of fear
 q - 12 scrolls of teleportation
 s - 2 scrolls of fog
 B - 4 scrolls of remove curse
 F - 2 scrolls of magic mapping
 T - 2 scrolls of enchant armour
Potions
 c - 3 potions of heal wounds
 f - 5 potions of brilliance
 k - 2 potions of mutation
 o - 2 potions of might
 p - 6 potions of curing
 r - a potion of attraction
 u - 9 potions of ambrosia
 A - 3 potions of resistance
 D - 2 potions of lignification
 J - a potion of invisibility
 O - a potion of berserk rage
Miscellaneous
 y - a condenser vane (inert)
 X - a lightning rod (4/4)


   Skills:
 - Level 12.1 Fighting
 + Level 11.1 Short Blades
 - Level 5.0 Dodging
 - Level 2.0 Stealth
 + Level 10.9 Shields
 + Level 9.9 Spellcasting
 + Level 13.9 Conjurations
 - Level 12.0 Necromancy
 - Level 5.0 Translocations
 + Level 13.9 Air Magic
 - Level 5.0 Poison Magic


You had 4 spell levels left.
You knew the following spells:

 Your Spells              Type           Power        Failure   Level
a - Shock                 Conj/Air       100%         1%          1
b - Chain Lightning       Conj/Air       29%          99%         8
d - Airstrike             Air            29%          1%          4
e - Lightning Bolt        Conj/Air       29%          2%          5
g - Vampiric Draining     Necr           26%          1%          3
h - Mephitic Cloud        Conj/Pois/Air  50%          1%          3
i - Blink                 Tloc           N/A          5%          2
j - Searing Ray           Conj           100%         1%          2
k - Corpse Rot            Necr/Air       N/A          1%          2

Your spell library contained the following spells:

 Spells                   Type           Power        Failure   Level
 Animate Skeleton         Necr           100%         1%          1
 Magic Dart               Conj           100%         1%          1
 Pain                     Necr           100%         1%          1
 Sublimation of Blood     Necr           26%          1%          2
 Swiftness                Air            58%          1%          2
 Static Discharge         Conj/Air       58%          1%          3
 Animate Dead             Necr           26%          1%          4
 Dispel Undead            Necr           53%          1%          4
 Conjure Flame            Conj/Fire      35%          4%          3
 Dazzling Flash           Conj/Hex       70%          4%          3
 Iskenderun's Mystic Bla  Conj/Tloc      45%          5%          4
 Teleport Other           Tloc           28%          11%         3
 Fulminant Prism          Conj/Hex       17%          16%         4
 Portal Projectile        Hex/Tloc       36%          30%         3
 Passage of Golubria      Tloc           N/A          34%         4
 Call Imp                 Summ           9%           38%         2
 Slow                     Hex            9%           38%         2
 Cause Fear               Hex            4%           95%         4
 Agony                    Necr           53%          5%          5
 Excruciating Wounds      Necr           26%          5%          5
 Death Channel            Necr           26%          30%         6
 Irradiate                Conj/Tmut      17%          41%         5
 Silence                  Hex/Air        17%          41%         5
 Yara's Violent Unravell  Hex/Tmut       4%           100%        5
 Hydra Form               Tmut           4%           100%        6
 Statue Form              Tmut/Erth      6%           100%        6
 Dragon Form              Tmut           4%           100%        7
 Malign Gateway           Summ/Tloc      9%           100%        7
 Discord                  Hex            4%           100%        8
 Lehudib's Crystal Spear  Conj/Erth      17%          100%        8
 Absolute Zero            Ice            4%           100%        9
 Fire Storm               Conj/Fire      17%          100%        9


Dungeon Overview and Level Annotations

Branches:
Dungeon (15/15)            Temple (1/1) D:5            Lair (6/6) D:8
  Swamp (1/4) Lair:2        Snake (0/4) Lair:3        Slime (0/5) Lair:5
    Orc (2/2) D:11            Elf (0/3) Orc:2        Vaults (0/5) D:14
 Depths (0/5) D:15        Volcano (visited)         Gauntlet (visited)

Altars:
Ashenzari
Cheibriados
Dithmenos
Elyvilon
Fedhas
Gozag
Hepliaklqana
Kikubaaqudgha
Makhleb
Nemelex Xobeh
Okawaru
Qazlal
Ru
Sif Muna
Trog
Uskayaw
Vehumet
Wu Jian
Xom
Yredelemnul
Zin
The Shining One
Beogh

Shops:
D:5 !*:*   D:6 ?   D:8 ?*   D:12 (   D:13 (   D:14 [   Orc:2 =}*:

Portals:
Trove: D:15 (give 19 potions of curing)

Annotations:
Lair:4 3 runed translucent doors, DerHolg's ghost, journeyman BaHu


Innate Abilities, Weirdness & Mutations

You have a beak for a mouth.
You have claws for feet.
You can fly continuously.


Message History

You hear a splash.
The foxfire hits you! You resist.
* * * LOW HITPOINT WARNING * * *
Casting: Airstrike (mildly dangerous; 1% risk of failure)
Confirm with . or Enter, or press ? or * to list all spells.
Aiming: Lightning Bolt (dangerous; 2% risk of failure)
Press: ? - help, Shift-Dir - straight line, f - spriggan rider
Aim: a spriggan rider, wielding a +0 spear (poison gas, water, moderately wounded, very poisoned, 66% to evade)
You hear a mighty clap of thunder!
The bolt of lightning hits the foxfire!!
The foxfire is moderately damaged.
The bolt of lightning misses the spriggan rider.
You hear a shout!
You hear a roar!
You hear a shout! x3; You hear a roar!
You hear a shout!
The foxfire hits you! You resist.
* * * LOW HITPOINT WARNING * * *
The spriggan rider looks even sicker.
The spriggan rider hits you from afar with a +0 spear!
You die...
Kikubaaqudgha rasps: "You have failed me!
Welcome... death!"

≈≈§§≈§..≈≈.♣♣ ♣♣.>
≈≈≈≈≈≈§§§≈..♣♣♣♣≈♣..
......§§§.....♣.....
.≈.♣[≈§§§§..≈....≈..
≈≈..♣♣≈≈v§§§§≈≈§..♣
≈≈≈ ♣♣.≈§§§§≈≈≈≈.♣
≈≈ ♣≈§≈§§i≈≈≈≈.♣ ≈
♣.≈≈§§§≈≈≈≈.♣
♣≈≈≈≈.@.≈≈≈≈♣
♣≈≈≈≈≈..≈≈≈.≈.
♣.≈≈§≈≈≈≈≈≈...
♣.≈≈≈≈≈≈≈≈≈.≈.
♣≈..≈≈≈≈≈≈≈≈≈≈
♣.≈.≈≈≈.≈.≈≈≈.
♣.≈....≈≈≈≈≈..
≈...♣≈.≈≈≈≈...


You could see a spriggan rider (very poisoned) and a will-o-the-wisp.

Vanquished Creatures
  Jorgrun (D:15)
  Rupert (Lair:3)
  An orc warlord (Orc:1)
  Louise (D:15)
  A minotaur (Gauntlet)
  A fire dragon (D:15)
  Erolcha (D:13)
  10 hydras
  A vault guard (D:15)
  Erica (Orc:1)
  2 catoblepae
  A boulder beetle (D:11)
  A merfolk avatar (Lair:6)
  14 two-headed ogres
  4 centaur warriors
  2 ogre magi
  Urug (D:10)
  6 death yaks
  Sonja (D:11)
  2 skeletal warriors (Volcano)
  A goliath frog (Swamp:1)
  A deep troll (D:14)
  3 sea snakes
  2 bog bodies (Lair:2)
  A phantasmal warrior (D:14)
  2 anaconda skeletons (Volcano)
  The ghost of Zing the Covert, a novice KoEn of Wu Jian (D:7)
  2 oklob plants
  5 orc knights (Orc:2)
  3 deep elf magi
  5 ugly things
  4 orc sorcerers
  A salamander (shapeshifter) (D:15)
  4 manticores
  A cyclops (D:12)
  2 moths of wrath (Gauntlet)
  7 black mambas
  2 naga magi (D:15)
  9 elephants
  7 gargoyles
  A torpor snail (Lair:6)
  6 centaur zombies
  13 cane toads
  Psyche (D:10)
  3 yaktaurs (D:15)
  Maggie (D:7)
  15 rime drakes
  17 komodo dragons
  A queen bee (shapeshifter) (D:15)
  7 polar bears
  6 meliai
  A queen bee (Lair:1)
  5 trolls
  Grinder (D:5)
  Prince Ribbit (D:7)
  8 hornets
  17 blink frogs
  A meliai zombie (D:14)
  10 slime creatures
  A centaur simulacrum (D:14)
  2 spriggans (Swamp:1)
  A shadow (D:13)
  2 wraiths
  3 flying skulls (Volcano)
  42 yaks
  2 alligator skeletons (Volcano)
  4 vampires
  9 basilisks
  19 wyverns
  4 vampire mosquitoes
  6 wargs
  A swamp worm (shapeshifter) (D:14)
  5 nagas (Lair:3)
  An acid dragon (D:15)
  19 water moccasins
  2 hell hounds (Lair:5)
  8 sky beasts
  49 orc warriors
  2 ice beasts
  4 black bears
  2 phantoms
  8 ogres
  20 centaurs
  9 wolves (Gauntlet)
  3 big kobolds
  18 bullfrogs
  A wyvern zombie (D:11)
  2 gnoll sergeants (D:6)
  2 scorpions
  2 wyvern skeletons
  31 killer bees
  A water moccasin skeleton (D:10)
  3 troll skeletons (Volcano)
  21 wights
  8 howler monkeys
  2 spriggan skeletons (Volcano)
  2 electric eels
  10 hounds
  3 jellies
  27 orc wizards
  3 centaur skeletons
  26 orc priests
  A bullfrog skeleton (D:13)
  4 iguanas
  12 worker ants
  7 hell rats (Lair:5)
  2 naga skeletons (Volcano)
  A hound zombie (D:8)
  A howler monkey zombie (D:7)
  A howler monkey skeleton (D:4)
  Robin (D:2)
  16 gnolls
  11 adders
  3 shadow imps
  3 white imps
  3 ufetubi
  A worm (D:3)
  3 dart slugs
  7 leopard geckos
  114 orcs
  3 giant cockroaches
  20 goblins
  11 hobgoblins
  11 jackals
  4 quokkas
  6 bats
  4 frilled lizards
  A jackal skeleton (D:4)
  18 kobolds
  2 quokka skeletons
  A quokka zombie (D:9)
  7 rats
900 creatures vanquished.

Vanquished Creatures (others)
  A demonic plant (Gauntlet)
  8 foxfires (Swamp:1)
  104 fungi
  123 plants
236 creatures vanquished.

Grand Total: 1136 creatures vanquished

Notes
Turn   | Place    | Note
-------+----------+-------------------------------------------
     0 | D:1      | sipior the Tengu Air Elementalist began the quest for the
                  | Orb.
     0 | D:1      | Reached XP level 1. HP: 10/10 MP: 4/4
   360 | D:1      | Reached XP level 2. HP: 14/16 MP: 3/6
   403 | D:1      | Learned a level 2 spell: Swiftness
  1091 | D:2      | Reached skill level 1 in Fighting
  1091 | D:2      | Reached XP level 3. HP: 15/20 MP: 2/7
  1491 | D:2      | Found a broken altar of Ashenzari.
  1848 | D:2      | Noticed Robin
  1854 | D:2      | Reached XP level 4. HP: 19/25 MP: 4/8
  2516 | D:2      | Killed Robin
  2807 | D:2      | Found a blossoming altar of Fedhas.
  2824 | D:2      | Gained mutation: You can fly continuously. [Tengu growth]
  2824 | D:2      | Reached XP level 5. HP: 30/30 MP: 5/9
  3166 | D:3      | Reached skill level 5 in Air Magic
  3279 | D:3      | Found a sparkling altar of Nemelex Xobeh.
  3619 | D:3      | Found a hide-covered altar of Uskayaw.
  4217 | D:3      | Found a shimmering blue altar of Sif Muna.
  4447 | D:3      | Reached XP level 6. HP: 35/35 MP: 7/11
  4827 | D:3      | Found a shimmering blue altar of Sif Muna.
  4964 | D:4      | Found an ornate altar of the Wu Jian Council.
  4964 | D:4      | Found a bloodstained altar of Trog.
  5060 | D:4      | Found a white marble altar of Elyvilon.
  5061 | D:4      | Found an iron altar of Okawaru.
  5064 | D:4      | Found a stormy altar of Qazlal.
  5608 | D:4      | Found a basalt altar of Yredelemnul.
  5632 | D:4      | Reached XP level 7. HP: 34/40 MP: 13/13
  7178 | D:5      | Entered Level 5 of the Dungeon
  7296 | D:5      | Found Qoce's Distillery.
  7382 | D:5      | Noticed Grinder
  8090 | D:4      | Reached skill level 5 in Conjurations
  8204 | D:4      | Reached XP level 8. HP: 46/48 MP: 10/15
  8360 | D:5      | Found Neladec's Assorted Antiques.
  8369 | D:5      | Found Faxyduoph's Book Boutique.
  8376 | D:5      | Bought a fuming inky potion for 22 gold pieces
  8376 | D:5      | Bought a scroll labelled GEBRYU OTHROERO for 25 gold pieces
  8376 | D:5      | Bought a scroll labelled ENEKENUOGA for 25 gold pieces
  8378 | D:5      | Found Zufuisis's General Store.
  8386 | D:5      | Bought a potion of curing for 33 gold pieces
  8545 | D:5      | Found a staircase to the Ecumenical Temple.
  8552 | Temple   | Entered the Ecumenical Temple
  8604 | Temple   | Became a worshipper of Kikubaaqudgha
  8695 | D:5      | Learned a level 3 spell: Static Discharge
  8700 | D:5      | Learned a level 4 spell: Airstrike
  8706 | D:5      | Learned a level 5 spell: Lightning Bolt
  8757 | D:5      | Killed Grinder
  8758 | D:5      | Reached skill level 1 in Short Blades
  9078 | D:5      | Bought a potion of heal wounds for 65 gold pieces
 10182 | D:6      | Reached skill level 5 in Spellcasting
 10182 | D:6      | Reached XP level 9. HP: 36/53 MP: 12/17
 10621 | D:6      | Reached skill level 5 in Fighting
 10651 | D:6      | Found Xuwefoa's Magic Scroll Shoppe.
 10658 | D:6      | Bought a scroll of teleportation for 42 gold pieces
 11223 | D:7      | Noticed Maggie
 11273 | D:7      | Found a transporter.
 11293 | D:7      | Reached * piety under Kikubaaqudgha
 11293 | D:7      | Identified Kikubaaqudgha's Almanac of Sinister Secrets
                  | (Kikubaaqudgha gifted it to you on level 7 of the Dungeon)
 11293 | D:7      | Received a gift from Kikubaaqudgha
 11297 | D:7      | Learned a level 1 spell: Pain
 11462 | D:7      | Noticed Zing's ghost (novice KoEn)
 11465 | D:7      | Found a transporter.
 11534 | D:7      | Reached skill level 1 in Necromancy
 12151 | D:7      | Found a shimmering altar of Xom.
 12272 | D:7      | Noticed Prince Ribbit
 12289 | D:7      | Killed Prince Ribbit
 13005 | D:7      | Learned a level 3 spell: Vampiric Draining
 13092 | D:7      | Killed Maggie
 13093 | D:7      | Reached XP level 10. HP: 37/60 MP: 7/20
 13541 | D:8      | Noticed a two-headed ogre
 13719 | D:8      | Noticed an elephant
 13841 | D:7      | Killed a two-headed ogre
 14106 | D:8      | Found Udafoups's Magic Scroll Boutique.
 14138 | D:8      | Bought a scroll of blinking for 90 gold pieces
 14561 | D:8      | Noticed a two-headed ogre
 15275 | D:9      | Noticed a two-headed ogre
 15657 | D:9      | Killed a two-headed ogre
 15658 | D:9      | Reached skill level 10 in Air Magic
 15903 | D:9      | Reached skill level 5 in Necromancy
 16258 | D:9      | Learned a level 3 spell: Mephitic Cloud
 16390 | D:10     | Entered Level 10 of the Dungeon
 16417 | D:10     | Reached ** piety under Kikubaaqudgha
 16436 | D:10     | Reached XP level 11. HP: 67/67 MP: 16/22
 16518 | D:10     | Noticed Psyche
 16529 | D:10     | Killed Psyche
 16530 | D:10     | Reached skill level 1 in Poison Magic
 16754 | D:10     | Found a roughly hewn altar of Beogh.
 17023 | D:10     | Reached *** piety under Kikubaaqudgha
 17023 | D:10     | Identified Kikubaaqudgha's Incunabulum of Unholy Rites
                  | (Kikubaaqudgha gifted it to you on level 10 of the Dungeon)
 17023 | D:10     | Received a gift from Kikubaaqudgha
 17029 | D:10     | Reached skill level 10 in Conjurations
 17254 | D:10     | Learned a level 2 spell: Blink
 17436 | D:10     | Noticed Urug
 17461 | D:10     | Killed Urug
 18044 | D:11     | Found a staircase to the Orcish Mines.
 18044 | D:11     | Noticed Sonja
 18063 | D:11     | Killed Sonja
 18970 | D:11     | Noticed a boulder beetle
 19041 | D:11     | Killed a boulder beetle
 19284 | D:12     | Found Feegemya's Weapon Shop.
 19284 | D:12     | Noticed a manticore
 19490 | D:8      | Found a staircase to the Lair.
 19499 | D:8      | Found a glowing silver altar of Zin.
 19501 | D:8      | Found Zin's Purification Station.
 19543 | Lair:1   | Entered Level 1 of the Lair of Beasts
 19636 | Lair:1   | Reached **** piety under Kikubaaqudgha
 20116 | Lair:1   | Reached XP level 12. HP: 75/75 MP: 20/23
 20286 | Lair:1   | Reached skill level 1 in Shields
 20413 | Lair:1   | Noticed a six-headed hydra
 20482 | Lair:1   | Killed a six-headed hydra
 21573 | Lair:1   | Reached skill level 5 in Poison Magic
 22005 | Lair:2   | Noticed a four-headed hydra
 22019 | Lair:2   | Killed a four-headed hydra
 22896 | Lair:2   | Found a staircase to the Swamp.
 22926 | Lair:2   | Reached XP level 13. HP: 39/82 MP: 10/24
 23244 | Lair:3   | Reached skill level 5 in Shields
 23252 | Lair:3   | Reached skill level 1 in Translocations
 23269 | Lair:3   | Reached skill level 10 in Fighting
 23293 | Lair:3   | Found a gate leading to a gauntlet.
 23302 | Gauntlet | Entered a Gauntlet
 23302 | Gauntlet | Found a transporter.
 23302 | Gauntlet | Found a transporter.
 23377 | Gauntlet | Found a transporter.
 23379 | Gauntlet | Found a transporter.
 23387 | Gauntlet | Found a transporter.
 23391 | Gauntlet | Found a transporter.
 23400 | Gauntlet | Found a transporter.
 23419 | Gauntlet | Found a transporter.
 23437 | Gauntlet | Found a transporter.
 23441 | Gauntlet | Found a transporter.
 23445 | Gauntlet | Found a runed translucent door.
 23447 | Gauntlet | Found a runed translucent door.
 23449 | Gauntlet | Found a transporter.
 23453 | Gauntlet | Found a transporter.
 23548 | Gauntlet | Reached ***** piety under Kikubaaqudgha
 23711 | Gauntlet | Learned a level 2 spell: Searing Ray
 23715 | Gauntlet | Got a pair of ancient gloves
 23857 | Gauntlet | Identified the cursed +0 pair of gloves "Qeequpac" {+Blink
                  | rPois Dex-4} (You found it in a Gauntlet)
 23869 | Gauntlet | Noticed a minotaur
 23876 | Gauntlet | Killed a minotaur
 23917 | Gauntlet | Identified the Handbook of Translocation
 23919 | Gauntlet | Got a crystal rapier
 24616 | Lair:3   | Reached skill level 5 in Short Blades
 24784 | Lair:3   | Found a staircase to the Snake Pit.
 24982 | Lair:3   | Identified the +5 rapier of Miunops {vorpal, rN++ Int-2}
                  | (You found it in a Gauntlet)
 25780 | Lair:4   | Noticed Rupert
 26358 | Lair:4   | Found a radiant altar of Vehumet.
 26469 | Lair:3   | Reached skill level 10 in Necromancy
 26870 | Lair:4   | Paralysed by Rupert for 5 turns
 27100 | Lair:3   | Killed Rupert
 27533 | Lair:4   | Found a runed translucent gate.
 27534 | Lair:4   | Found a runed translucent gate.
 27534 | Lair:4   | Noticed DerHolg's ghost (journeyman BaHu)
 27535 | Lair:4   | Found a runed translucent gate.
 28145 | Lair:5   | Reached XP level 14. HP: 75/88 MP: 16/25
 30078 | Lair:5   | Found a staircase to the Slime Pits.
 30375 | Lair:5   | Got a slimy scale mail
 30584 | Lair:5   | Identified the +3 scale mail of Peek-a-Boo {Str+3 Int+3}
                  | (You found it on level 5 of the Lair of Beasts)
 30617 | Lair:6   | Entered Level 6 of the Lair of Beasts
 30761 | Lair:6   | Paralysed by a hornet for 2 turns
 32014 | Lair:5   | Reached skill level 5 in Translocations
 33753 | Lair:6   | Reached ****** piety under Kikubaaqudgha
 34193 | Lair:6   | Reached XP level 15. HP: 96/96 MP: 19/27
 34642 | Lair:6   | Got a fading flail
 34739 | Lair:6   | Identified the +8 flail of the Thirsty Wishes {venom, rElec
                  | Dex+4} (You found it on level 6 of the Lair of Beasts)
 34742 | Lair:6   | Identified a +2 rapier of pain (a +0 rapier bloodied by
                  | Kikubaaqudgha)
 34742 | Lair:6   | Received a gift from Kikubaaqudgha
 34816 | Lair:6   | Learned a level 2 spell: Corpse Rot
 35976 | D:7      | Killed Zing's ghost
 37042 | D:13     | Noticed Erolcha
 37098 | D:13     | Killed Erolcha
 37100 | D:13     | Reached skill level 5 in Dodging
 37178 | D:13     | Found Peukk's Antique Weapon Emporium.
 37393 | D:5      | Bought a book of Annihilations for 1545 gold pieces
 37585 | D:8      | Learned a level 8 spell: Chain Lightning
 39577 | D:14     | Found Befatiss's Antique Armour Emporium.
 39805 | D:14     | Found a gate to the Vaults.
 40397 | D:15     | Entered Level 15 of the Dungeon
 40397 | D:15     | Noticed Jorgrun
 40406 | D:15     | Killed Jorgrun
 40407 | D:15     | Reached skill level 10 in Short Blades
 40414 | D:15     | Noticed Louise
 40562 | D:15     | Got a shimmering ring mail
 40576 | D:15     | Identified the +5 ring mail "Kaoxzaxt" {Int-3 Dex+3 SInv}
                  | (You found it on level 15 of the Dungeon)
 40581 | D:15     | Identified a scroll of acquirement
 40581 | D:15     | Acquired the +0 kite shield of Sif Muna's Approval {rF+
                  | rN+}
 40734 | D:15     | Reached XP level 16. HP: 38/101 MP: 30/30
 40939 | D:15     | Found a staircase to the Depths.
 40967 | D:15     | Reached skill level 10 in Shields
 41901 | D:15     | Killed Louise
 42111 | D:15     | Found a hide-covered altar of Uskayaw.
 42295 | D:15     | Found a portal to a secret trove of treasure.
 42548 | Orc:1    | Entered Level 1 of the Orcish Mines
 42695 | Orc:1    | Noticed Erica
 42710 | Orc:1    | Killed Erica
 42739 | Orc:1    | Found a dark tunnel.
 42808 | Volcano  | Entered a volcano
 44601 | Orc:2    | Entered Level 2 of the Orcish Mines
 44601 | Orc:2    | Found a staircase to the Elven Halls.
 45508 | Orc:2    | HP: 3/101 [orc knight/bolt (26)]
 45731 | Orc:2    | Found Epreys's Gadget Emporium.
 45731 | Orc:2    | Found Ataassof's General Store.
 45733 | Orc:2    | Found Kuhoupou's Book Boutique.
 45735 | Orc:2    | Found Tantasm's Jewellery Shoppe.
 45752 | Orc:2    | Bought a scroll of teleportation for 39 gold pieces
 45752 | Orc:2    | Bought a potion of curing for 39 gold pieces
 46241 | D:6      | Bought a scroll of brand weapon for 280 gold pieces
 46241 | D:6      | Bought a scroll of enchant weapon for 105 gold pieces
 46241 | D:6      | Bought a scroll of enchant armour for 105 gold pieces
 46241 | D:6      | Bought a scroll of enchant armour for 105 gold pieces
 46534 | Swamp:1  | Entered Level 1 of the Swamp
 46660 | Swamp:1  | HP: 5/101 [will-o-the-wisp/foxfire (9)]
 46660 | Swamp:1  | Slain by a spriggan rider

Illustrated notes

Levels and vault maps discovered:
D:1:      wander_arrival_abandoned_jail, layout_rooms
D:2:      layout_basic, nicolae_overflow_crystal_walls, ashenzari_altar_1,
          kennysheep_another_room, kennysheep_generic_room_5, uniq_robin
D:3:      layout_loops_ring, marbit_many_paths, general_overflow_altar,
          eat_drink_and_be_merry_uskayaw, tgw_sif
D:4:      layout_layer_cave, overflow_temple_1_default,
          nicolae_overflow_hidden_temple, minmay_pentangle
D:5:      layout_loops_ring, minmay_temple_entry_grid, serial_shops,
          shop_fountains, shop_fountains, shop, shop, uniq_grinder
D:6:      layout_cave_pods, serial_gnoll_camp, gnoll_camp_mini_shop,
          gnoll_camp_mini_hut, gnoll_camp_mini_house, gnoll_camp_mini_hut
D:7:      layout_basic, basic_altar, nzn_ghost_randoct, uniq_prince_ribbit1,
          uniq_maggie
D:8:      minmay_chambers_of_sixes, layout_cave_pools, zin_purify,
          david_lair_generic, serial_shops, shop
D:9:      layout_roguey
D:10:     layout_roguey [special_room_orc], uniq_urug, uniq_psyche
D:11:     layout_roguey, erik_orc_3, uniq_sonja
D:12:     layout_big_octagon, serial_shops, shop
D:13:     minmay_box_of_statues, layout_rooms, serial_shops,
          kennysheep_mini_moat, drop_trap, chequers_decorated_corner,
          uniq_erolcha
D:14:     layout_roguey, david_vaults_4, serial_co_window_serial,
          co_window_paths_a, co_window_paths_b, co_window_paths_a,
          co_window_corner_a, co_window_paths_a, co_window_broadway_b,
          co_window_cross_2, co_window_corner_cb, co_window_paths_e,
          glass_columns_a, glass_columns_b, glass_columns_b, serial_shops, shop,
          corexii_leaking_fountain
D:15:     grunt_enter_depths_magical_seal, layout_loops_cross, enter_trove_5,
          serial_bayou_pond_c, basic_altar, uniq_jorgrun, uniq_louise
Temple:   cyrus_temple_forest
Lair:1:   layout_regular_city, st_stairs_4, chequers_serial_rivers_large_a,
          grunt_megastairs_4
Lair:2:   layout_roguey [special_room_bee], nicolae_swamp_entry_splash_gauntlet,
          st_stairs_9, grunt_megastairs_2
Lair:3:   layout_cave_pods, minmay_snake_entry_guardpost_medium,
          gauntlet_entry_generic, grunt_megastairs_5
Lair:4:   layout_misc_corridors, gammafunk_ghost_split, lemuel_oklob_altar,
          infiniplex_staircase_pool, serial_bayou_shore_b, grunt_megastairs_3,
          uniq_rupert
Lair:5:   layout_misc_corridors, slime_dummy, special_room
          [special_room_mythical_zoo], beast_lair_carwin_6
Lair:6:   gammafunk_lair_ancient_temple, layout_long_grid
Swamp:1:  layout_basic_swamp, gammafunk_ghost_hydra_chop,
          evilmike_swamp_ruin_rubble_2, infiniplex_staircase_pool_2
Orc:1:    layout_diamond_mine, lightli_volcano_entry_magma_tube, mines3_lemuel,
          uniq_erica
Orc:2:    st_orc_rangers, layout_caves

Skill      XL: |  1  2  3  4  5  6  7  8  9 10 11 12 13 14 15 16 |
---------------+-------------------------------------------------+-----
Fighting       | 1 2 3 4 6 7 8 9 10 11 12 | 12.1
Conjurations   | 2 3 4 5 6 8 9 11 12 13 | 13.9
Dodging        | 3 4 5 |  5.0
Air Magic      | 5 6 7 9 10 11 12 13 | 13.9
Spellcasting   | 3 4 5 6 7 9 |  9.9
Short Blades   | 2 3 6 8 10 11 | 11.1
Necromancy     | 2 5 7 9 10 11 12 | 12.0
Poison Magic   | 4 5 |  5.0
Shields        | 4 6 8 9 10 | 10.9
Translocations | 3 5 |  5.0
Stealth        | |  2.0

Action                   |  1- 3 |  4- 6 |  7- 9 | 10-12 | 13-15 | 16-18 || total
-------------------------+-------+-------+-------+-------+-------+-------++-------
Melee: Short sword       |     6 |     2 |   112 |   454 |   666 |   152 ||  1392
       Spear             |       |     2 |       |       |       |       ||     2
       Kick              |       |    10 |    40 |   125 |   260 |   125 ||   560
       Peck              |       |     6 |    32 |   104 |   170 |    77 ||   389
       Trident           |       |    44 |    31 |       |       |       ||    75
       Dagger            |       |       |    15 |    45 |       |       ||    60
       Rapier            |       |       |       |       |   416 |   405 ||   821
Throw: Dart              |       |       |    10 |    16 |     1 |       ||    27
 Cast: Shock             |    51 |   148 |   219 |   309 |   153 |     5 ||   885
       Swiftness         |     1 |       |       |       |       |       ||     1
       Pain              |       |       |     6 |     7 |       |       ||    13
       Lightning Bolt    |       |       |     1 |    40 |   222 |     5 ||   268
       Mephitic Cloud    |       |       |       |    12 |    82 |    41 ||   135
       Blink             |       |       |       |     2 |     1 |       ||     3
       Vampiric Draining |       |       |       |       |     1 |       ||     1
       Searing Ray       |       |       |       |       |    21 |    45 ||    66
       Corpse Rot        |       |       |       |       |     1 |       ||     1
       Airstrike         |       |       |       |       |       |     2 ||     2
Invok: Receive Corpses   |       |       |       |     1 |       |       ||     1
       Brand Weapon With |       |       |       |       |     1 |       ||     1
 Abil: Fly               |       |     1 |       |       |       |       ||     1
Evoke: Wand              |       |       |     1 |    13 |    38 |     4 ||    56
       Lightning rod     |       |       |       |       |     4 |       ||     4
       Condenser vane    |       |       |       |       |     2 |     2 ||     4
  Use: Scroll            |       |       |    17 |    15 |    16 |    11 ||    59
       Potion            |       |       |     3 |     2 |     8 |     4 ||    17
 Stab: Sleeping          |       |     2 |     3 |       |       |       ||     5
       Paralysed         |       |       |       |     1 |       |       ||     1
       Confused          |       |       |       |     5 |    47 |    27 ||    79
       Petrified         |       |       |       |       |     5 |       ||     5
Armor: Robe              |     7 |    16 |     1 |       |       |       ||    24
       Leather armour    |       |       |    23 |       |       |       ||    23
       Swamp dragon scal |       |       |       |   211 |   251 |   130 ||   592
Dodge: Dodged            |    23 |    88 |   178 |   522 |   460 |   189 ||  1460
Block: Kite shield       |       |       |       |     3 |   583 |   253 ||   839
